 Dungeon Crawl Stone Soup version 0.29-a0-416-g83a48905f1 (webtiles) character file.

Game seed: 15685305643306822887

8018 spiderkeys the Reanimator (level 11, -4/103 HPs)
             Began as a Deep Dwarf Abyssal Knight on May 17, 2022.
             Was a Priest of Lugonu.
             Killed by vampiric draining
             ... invoked by a vampire
              (15 damage)
             ... on level 10 of the Dungeon.
             The game lasted 00:24:16 (8638 turns).

spiderkeys the Reanimator (DDAK)                    Turns: 8638, Time: 00:24:17

Health: -4/103     AC: 11    Str: 19    XL:     11   Next: 4%
Magic:  8/8        EV: 15    Int: 13    God:    Lugonu [***...]
Gold:   354        SH:  0    Dex: 13    Spells: 6/10 levels left

rFire   + + .      SeeInvis .   e - +2 executioner's axe (vamp) {rare}
rCold   + . .      Faith    .   (shield currently unavailable)
rNeg    . . .      Spirit   .   v - +0 leather armour {rF+}
rPois   .          Reflect  .   (no helmet)
rElec   .          Harm     .   R - +2 cloak
rCorr   .          Rampage  .   h - +2 pair of gloves
Will    +....                   y - +0 pair of boots
Stlth   +.........              (no amulet)
HPRegen 0.00/turn               F - ring of protection from fire
MPRegen 0.11/turn               C - ring of protection from cold

@: no status effects
A: damage resistance, heal wounds, sense surroundings 2, no regeneration
a: Heal Wounds, Renounce Religion, Depart the Abyss, Bend Space, Banish


You were on level 10 of the Dungeon.
You worshipped Lugonu.
Lugonu was most pleased with you.
You visited 1 branch of the dungeon, and saw 10 of its levels.
You visited the Abyss 1 time.
You also visited: Ossuary.

You collected 398 gold pieces.
You spent 44 gold pieces at shops.


Innate Abilities, Weirdness & Mutations

You are resistant to damage.
You can heal yourself by infusing magical energy.
You passively map the area around you.
You do not regenerate.


   Skills:
 + Level 7.9 Fighting
 + Level 9.2 Axes
 - Level 4.7 Armour
 + Level 7.8 Dodging
 - Level 10.0 Necromancy
 - Level 5.5 Invocations


You had 6 spell levels left.
You knew the following spells:

 Your Spells              Type           Power      Damage    Failure   Level
a - Animate Skeleton      Necr           52%        N/A       1%          1
v - Vampiric Draining     Necr           26%        2d7       1%          3

Your spell library contained the following spells:

 Spells                   Type           Power      Damage    Failure   Level
 Pain                     Necr           100%       1d9       1%          1
 Anguish                  Hex/Necr       6%         N/A       41%         4
 Ensorcelled Hibernation  Hex/Ice        0%         N/A       47%         2
 Spider Form              Tmut/Pois      0%         N/A       71%         3
 Iskenderun's Battlesphe  Conj           0%         2d6       100%        5
 Iron Shot                Conj/Erth      0%         9d1       100%        6
 Spellforged Servitor     Conj/Summ      0%         N/A       100%        7

Inventory:

Hand Weapons
 a - a +1 hand axe
 e - a +2 vampiric executioner's axe (weapon) {rare}
   (You acquired it on level 8 of the Dungeon)
 J - a +1 broad axe
   (You bought it in a shop on level 5 of the Dungeon)
Missiles
 d - 2 boomerangs of dispersal {=f!f}
 f - 29 poisoned darts
 m - 5 atropa-tipped darts
 o - 154 stones
 r - 12 boomerangs
 s - 4 javelins
 t - a throwing net {=f!f}
Armour
 h - a +2 pair of gloves (worn)
   (You found it on level 2 of the Dungeon)
 u - a +0 leather armour
   (You found it on level 9 of the Dungeon)
 v - a +0 leather armour of fire resistance (worn)
   (You took it off a hobgoblin on level 3 of the Dungeon)
 y - a +0 pair of boots (worn)
   (You found it on level 3 of the Dungeon)
 z - a +0 leather armour
   (You took it off an orc priest on level 8 of the Dungeon)
 A - a +0 chain mail
   (You took it off an orc warrior on level 8 of the Dungeon)
 B - a +0 ring mail
   (You took it off an orc on level 9 of the Dungeon)
 R - a +2 cloak (worn)
   (You found it on level 7 of the Dungeon)
Magical Staves
 k - a staff of cold {!a}
   (You found it on level 2 of the Dungeon)
 l - a staff of death {!a}
   (You found it on level 2 of the Dungeon)
Jewellery
 c - a ring of protection from cold
   (You found it on level 6 of the Dungeon)
 C - a ring of protection from cold (right hand)
   (You found it on level 2 of the Dungeon)
 D - a +6 ring of dexterity
   (You found it on level 4 of the Dungeon)
 F - a ring of protection from fire (left hand)
   (You found it on level 1 of the Dungeon)
 N - a ring of positive energy
   (You found it on level 1 of the Dungeon)
 P - a ring of willpower
   (You found it on level 6 of the Dungeon)
Wands
 n - a wand of charming (5)
   (You found it on level 9 of the Dungeon)
 W - a wand of iceblast (4)
   (You found it on level 7 of the Dungeon)
Scrolls
 g - 2 scrolls of fog
 p - a scroll of magic mapping {!r}
 E - a scroll of vulnerability {!r!r}
 I - a scroll of fear
 S - 3 scrolls of blinking {!r}
 U - 2 scrolls of poison {!r}
 Y - 3 scrolls of immolation {!r!r}
Potions
 b - a potion of invisibility
 i - a potion of lignification {unknown}
 j - 5 potions of curing {@q1}
 q - 4 potions of haste {@q3}
 w - 4 potions of heal wounds {@q2}
 x - 2 potions of cancellation
 Q - a potion of resistance
 T - 3 potions of attraction {!q}
 V - 3 potions of might
 X - 2 potions of magic
 Z - 4 potions of mutation {!q}

Dungeon Overview and Level Annotations

Branches:
Dungeon (10/15)            Temple (0/1) D:6         Ossuary (visited)
   Lair: D:8-11         Orc: D:9-12

Altars:
Fedhas
Ru

Shops:
D:2 (   D:5 ![([(   D:6 (   D:7 ((

Annotations:
D:9 exclusion: 3 oklob plants
Abyss:1 Menkaure

# #.# *, ,, # #.# * ###
#.# ..######.# * **
#........# ,
#.######.##### ** *
#............#
#.####.......#########.#
* #.#
##...##....@{....(. ,,,
..#
##.###......######*****
* ### ### ########


There were no monsters in sight!


Message History

* * * LOW HITPOINT WARNING * * *
Something draws strength from your injuries!
Something hits you.
* * * LOW HITPOINT WARNING * * *
Something bites you but does no damage. 😨 HP[-4]
You take 4 damage, and now have 47/103 hp.
You miss something. Something hits you. Something bites you but does no damage.
You slash something! Something barely misses you. Something bites you!
* * * LOW HITPOINT WARNING * * *
Something draws strength from your injuries!
Something hits you.
* * * LOW HITPOINT WARNING * * *
Something bites you but does no damage. 😨 HP[-4]
You take 4 damage, and now have 43/103 hp.
You closely miss something. Something hits you!
* * * LOW HITPOINT WARNING * * *
Something bites you.
* * * LOW HITPOINT WARNING * * *
Something draws strength from your injuries! 😨 HP[-7]
You take 7 damage, and now have 36/103 hp.
You slash something! Something hits you.
* * * LOW HITPOINT WARNING * * *
Something bites you!
* * * LOW HITPOINT WARNING * * *
Something draws strength from your injuries! 😱 HP[-11]
You take 11 damage, and now have 25/103 hp.
You slash something! Something hits you. Something bites you.
Something draws strength from your injuries!
Something draws life force from you.
* * * LOW HITPOINT WARNING * * *
😱 HP[-3]
You take 3 damage, and now have 22/103 hp.
You hit something. Something hits you. Something completely misses you.
You completely miss something. Something hits you but does no damage.
Something bites you.
Something draws strength from your injuries!
Something hits you!
* * * LOW HITPOINT WARNING * * *
Something bites you.
Something draws strength from your injuries! 😱 HP[-9]
You take 9 damage, and now have 13/103 hp.
You feel much better. Something hits you.
* * * LOW HITPOINT WARNING * * *
Something bites you!
* * * LOW HITPOINT WARNING * * *
Something draws strength from your injuries! 😨 HP[+23]
You regained 23 hp, and now have 36/103 hp.
You barely miss something. Something barely misses you. Something bites you.
Something draws strength from your injuries!
You miss something. Something barely misses you. Something bites you.
* * * LOW HITPOINT WARNING * * *
Something draws strength from your injuries!
Something hits you but does no damage.
Something bites you but does no damage. 😨 HP[-5]
You take 5 damage, and now have 31/103 hp.
You slice something!! Something draws life force from you!!
* * * LOW HITPOINT WARNING * * *
😱 HP[-17]
You take 17 damage, and now have 14/103 hp.
You barely miss something. Something hits you but does no damage.
Something bites you.
Something draws strength from your injuries!
You barely miss something. Something barely misses you. Something bites you.
Something draws strength from your injuries!
Something barely misses you. x2
You fail to use your ability.
Something barely misses you. Something bites you but does no damage.
Your magical essence is drained by the effort!
You feel much better. Something barely misses you. Something bites you.
Something draws strength from your injuries! 😨 HP[+18] MP[-1]
You regained 18 hp, and now have 32/103 hp.
You closely miss something. Something hits you.
* * * LOW HITPOINT WARNING * * *
Something bites you but does no damage. 😨 HP[-1]
You take 1 damage, and now have 31/103 hp.
You slash something! Something barely misses you. Something closely misses you.
Something hits you!
* * * LOW HITPOINT WARNING * * *
Something bites you.
* * * LOW HITPOINT WARNING * * *
Something draws strength from your injuries! 😱 HP[-9]
You take 9 damage, and now have 22/103 hp.
You miss something. Something hits you.
* * * LOW HITPOINT WARNING * * *
Something bites you but does no damage. 😱 HP[-2]
You take 2 damage, and now have 20/103 hp.
You hit something. Something draws life force from you!
* * * LOW HITPOINT WARNING * * *
Something draws life force from you!!
You die...

Skill      XL: |  1  2  3  4  5  6  7  8  9 10 |
---------------+-------------------------------+-----
Fighting       | 3 4 5 6 7 |  7.9
Invocations    | 3 4 5 |  5.5
Axes           | 3 4 5 6 7 9 |  9.2
Armour         | 3 4 |  4.7
Necromancy     | 3 5 8 10 | 10.0
Dodging        | 2 4 5 7 |  7.8

Action                   |  1- 3 |  4- 6 |  7- 9 | 10-12 || total
-------------------------+-------+-------+-------+-------++-------
Melee: Hand axe          |   107 |   140 |    94 |       ||   341
       Punch             |       |     1 |     6 |       ||     7
       Broad axe         |       |       |   170 |    67 ||   237
       Executioner's axe |       |       |       |   177 ||   177
Throw: Dart              |    15 |       |    26 |     1 ||    42
       Boomerang         |       |       |     1 |     6 ||     7
       Javelin           |       |       |       |     2 ||     2
 Cast: Vampiric Draining |       |       |    10 |    32 ||    42
Invok: Banish            |       |     3 |     8 |     4 ||    15
       Bend Space        |       |       |     1 |       ||     1
 Abil: Heal Wounds       |     2 |     4 |    10 |     9 ||    25
  Use: Scroll            |     9 |     1 |     8 |     7 ||    25
       Potion            |       |     6 |     1 |     2 ||     9
 Stab: Sleeping          |     1 |       |       |       ||     1
       Invisible         |     1 |     1 |       |       ||     2
Armor: Leather armour    |    45 |    70 |   115 |   149 ||   379
Dodge: Dodged            |    75 |   121 |   215 |   326 ||   737

Levels and vault maps discovered:
D:1:      psy_arrival_basics, layout_rooms,
          hellmonk_ecumenical_altar_dog_temple, hangedman_decor_diamond_cutter
D:2:      layout_basic, serial_shops,
          nicolae_shop_temple_entry_statues_fountains, grunt_ministairs_4
D:3:      layout_basic
D:4:      layout_gridville, nicolae_overflow_squiral, corner_web_ring,
          uniq_menkaure, uniq_natasha, uniq_grinder
D:5:      layout_gridville, serial_shops, shop, nicolae_square_shop,
          nicolae_shop_stone, shop, nicolae_shop_bloodbath_and_beyond
D:6:      layout_cave_pools, minmay_temple_entry_statues_fountains,
          serial_shops, nicolae_square_shop
D:7:      layout_loops_ring, serial_shops, shop, enter_ossuary_1,
          minmay_misc_feat_iff, doesnt_shop_hydraphobe
D:8:      layout_loops_corners
D:9:      layout_big_octagon, minmay_liquid_box, disabler_island
D:10:     layout_loops_ring, dpeg_lair_monsters, minmay_orc_entry_temple_small,
          gammafunk_ghost_wrathful_warriors, uniq_maurice, uniq_grum,
          uniq_maggie, uniq_sonja

Notes
Turn   | Place    | Note
-------+----------+-------------------------------------------
     0 | Abyss:1  | spiderkeys the Deep Dwarf Abyssal Knight began the quest
                  | for the Orb.
     0 | Abyss:1  | Reached XP level 1. HP: 20/20 MP: 2/2
     0 | Abyss:1  | magus.rc [v1.11.3]
    15 | D:1      | You pass through the gate.
    15 | D:1      | Escaped the Abyss
   252 | D:1      | Found a faded altar of an unknown god.
   404 | D:1      | Reached XP level 2. HP: 18/27 MP: 4/4
   671 | D:2      | Found Tick's Weapon Boutique.
   842 | D:2      | Reached skill level 3 in Fighting
   842 | D:2      | Reached skill level 3 in Invocations
   854 | D:2      | HP: 7/28 [gnoll/+0 spear (2)]
   856 | D:2      | HP: 3/28 [gnoll/+0 spear (1)]
   857 | D:2      | Reached XP level 3. HP: 4/34 MP: 5/5
  1012 | D:2      | You pick up a book of Dreams and begin reading...
  1012 | D:2      | You add the spells Ensorcelled Hibernation, Spider Form and
                  | Anguish to your library.
  1377 | D:3      | HP: 8/34 [hobgoblin (1)]
  1468 | D:3      | Reached skill level 3 in Axes
  1468 | D:3      | Reached skill level 3 in Armour
  1573 | D:3      | Reached *** piety under Lugonu
  1574 | D:3      | Reached XP level 4. HP: 32/42 MP: 6/6
  2073 | D:4      | HP: 10/42 [something (1)]
  2082 | D:4      | Reached skill level 4 in Invocations
  2082 | D:4      | Reached XP level 5. HP: 19/49 MP: 6/8
  2127 | D:4      | Noticed Natasha
  2133 | D:4      | HP: 10/49 [gnoll/+0 flail (5)]
  2151 | D:4      | HP: 12/50 [gnoll/+0 spear (3)]
  2460 | D:4      | Killed Natasha
  2479 | D:4      | Reached XP level 6. HP: 36/57 MP: 8/8
  2493 | D:4      | Reached skill level 4 in Fighting
  2493 | D:4      | Reached skill level 4 in Axes
  2493 | D:4      | Reached skill level 4 in Armour
  2572 | D:4      | Noticed Menkaure
  2576 | D:4      | Banished Menkaure
  2577 | D:4      | Reached skill level 5 in Invocations
  2597 | D:4      | HP: 14/57 [iguana (1)]
  2598 | D:4      | HP: 4/57 [iguana (10)]
  2693 | D:4      | Reached XP level 7. HP: 55/64 MP: 6/8
  2938 | D:4      | Found a sacrificial altar of Ru.
  2938 | D:4      | Found a blossoming altar of Fedhas.
  3093 | D:5      | Entered Level 5 of the Dungeon
  3107 | D:5      | HP: 15/66 [iguana (4)]
  3177 | D:5      | You pick up a book of Necromancy and begin reading...
  3177 | D:5      | You add the spells Pain, Animate Skeleton and Vampiric
                  | Draining to your library.
  3182 | D:5      | Learned a level 3 spell: Vampiric Draining
  3215 | D:5      | Reached skill level 1 in Necromancy
  3270 | D:5      | HP: 16/66 [gnoll/+0 spear[a gnoll sergeant] (1)]
  3274 | D:5      | Reached skill level 5 in Axes
  3274 | D:5      | Reached skill level 2 in Necromancy
  3276 | D:5      | HP: 9/66 [gnoll/+0 spear[a gnoll sergeant] (2)]
  3281 | D:5      | Reached skill level 2 in Dodging
  3357 | D:5      | Found Hoygax's Distillery.
  3404 | D:5      | Reached skill level 3 in Necromancy
  3455 | D:5      | HP: 14/66 [black bear (3)]
  3458 | D:5      | Reached XP level 8. HP: 13/73 MP: 9/9
  3507 | D:5      | Found Dorgh's Weapon Shop.
  3515 | D:5      | Bought a +0 broad axe for 44 gold pieces
  3526 | D:5      | Found Arojuvof's Antique Armour Shop.
  3539 | D:5      | Reached skill level 5 in Fighting
  3544 | D:5      | HP: 17/73 [wight/+3 scimitar (4)]
  3546 | D:5      | HP: 7/70 [wight/+3 scimitar (4)]
  3551 | D:5      | Reached skill level 3 in Dodging
  3551 | D:5      | Reached skill level 4 in Necromancy
  3702 | D:5      | Found Adineog's Weapon Shop.
  3772 | D:5      | Found Ifecziamem's Armour Shoppe.
  3898 | D:5      | Reached skill level 6 in Axes
  3898 | D:5      | Reached skill level 5 in Necromancy
  4140 | D:6      | HP: 17/75 [something (4)]
  4153 | D:6      | Reached skill level 4 in Dodging
  4153 | D:6      | HP: 13/75 [necrophage (1)]
  4159 | D:6      | HP: 12/72 [something/puff of flame (1)]
  4196 | D:6      | Gained mutation: You passively map the area around you.
                  | [Deep Dwarf growth]
  4196 | D:6      | Reached XP level 9. HP: 43/82 MP: 1/8
  4275 | D:6      | Found a staircase to the Ecumenical Temple.
  4302 | D:6      | Reached skill level 6 in Necromancy
  4419 | D:6      | Found Istiawn's Weapon Shop.
  4756 | D:7      | Banished a large slime creature
  4757 | D:7      | Reached skill level 6 in Fighting
  4764 | D:7      | Found a sand-covered staircase.
  4773 | Ossuary  | Entered an ossuary
  4850 | Ossuary  | Reached skill level 5 in Dodging
  4941 | Ossuary  | Reached skill level 7 in Necromancy
  5005 | D:7      | Reached **** piety under Lugonu
  5006 | D:7      | Reached skill level 7 in Axes
  5196 | D:7      | Noticed a two-headed ogre
  5198 | D:7      | Banished a two-headed ogre
  5199 | D:7      | Reached skill level 8 in Necromancy
  5227 | D:7      | HP: 21/85 [necrophage (1)]
  5232 | D:7      | HP: 15/85 [necrophage (4)]
  5237 | D:7      | Reached XP level 10. HP: 16/92 MP: 8/8
  5238 | D:7      | Found Ylofog's Hydra Hut.
  5250 | D:7      | Noticed a five-headed hydra
  5273 | D:7      | Reached skill level 6 in Dodging
  5310 | D:7      | Found Oco Noux's Antique Weapon Emporium.
  5505 | D:7      | Learned a level 1 spell: Animate Skeleton
  5657 | D:7      | HP: 23/92 [phantom (2)]
  5695 | D:7      | HP: 20/92 [wight/+0 great sword (3)]
  5702 | D:7      | HP: 22/89 [wight/+0 great sword (10)]
  5702 | D:7      | HP: 8/87 [wight/+0 great sword (14)]
  5719 | D:7      | HP: 16/83 [wight/+3 dire flail (11)]
  5997 | D:8      | HP: 11/81 [steam dragon (5)]
  6079 | D:8      | Identified a scroll of acquirement
  6079 | D:8      | Acquired a +2 vampiric executioner's axe
  6085 | D:8      | e - a +2 vampiric executioner's axe {rare}
  6086 | D:8      | e - a +2 vampiric executioner's axe (weapon) {rare}
  6144 | D:8      | HP: 12/86 [orc priest/divine providence (14)]
  6252 | D:8      | Reached skill level 8 in Axes
  6252 | D:8      | Reached skill level 9 in Necromancy
  6313 | D:8      | Reached skill level 7 in Fighting
  6524 | D:8      | HP: 21/94 [vampire mosquito (3)]
  6532 | D:8      | HP: 13/94 [vampire mosquito (2)]
  6540 | D:8      | HP: 21/94 [vampire mosquito (9)]
  6651 | D:8      | HP: 16/94 [killer bee (7)]
  6656 | D:8      | HP: 16/94 [killer bee (6)]
  6661 | D:8      | HP: 11/94 [killer bee (7)]
  6666 | D:8      | HP: 22/94 [killer bee (4)]
  6672 | D:8      | HP: 17/94 [killer bee (5)]
  7187 | D:9      | Noticed an oklob plant
  7211 | D:9      | Noticed a gargoyle
  7213 | D:9      | Banished a gargoyle
  7214 | D:9      | Reached skill level 7 in Dodging
  7345 | D:9      | HP: 23/94 [centaur/arrow (2)]
  7347 | D:9      | Reached skill level 10 in Necromancy
  7708 | D:9      | Noticed an oklob plant
  7843 | D:9      | HP: 14/96 [something (19)]
  8144 | D:9      | Noticed an oklob plant
  8171 | D:10     | Entered Level 10 of the Dungeon
  8218 | D:10     | Reached skill level 9 in Axes
  8271 | D:10     | You pick up a book of Power and begin reading...
  8271 | D:10     | You add the spells Iskenderun's Battlesphere, Iron Shot and
                  | Spellforged Servitor to your library.
  8276 | D:10     | Noticed a death yak
  8276 | D:10     | Noticed a death yak
  8453 | D:10     | Noticed a two-headed ogre
  8454 | D:10     | Banished a two-headed ogre
  8455 | D:10     | Reached XP level 11. HP: 60/103 MP: 4/9
  8623 | D:10     | HP: 25/103 [something (10)]
  8630 | D:10     | HP: 14/103 [something (17)]
  8636 | D:10     | HP: 24/103 [something (7)]
  8638 | D:10     | HP: 11/103 [something (9)]
  8638 | D:10     | Killed from afar by a vampire

Vanquished Creatures
  A hornet (D:8)
  A shadow (D:8)
  2 wyverns (D:9)
  2 steam dragons
  2 vampire mosquitoes (D:8)
  2 water moccasins
  An orc warrior (D:8)
  2 sky beasts
  3 black bears
  A wolf (D:10)
  2 centaurs
  4 phantoms
  A kobold brigand (D:9)
  2 bullfrogs
  4 necrophages
  A gnoll sergeant (D:7)
  A scorpion (D:5)
  8 wights
  19 killer bees
  2 howler monkeys
  2 human zombies (Ossuary)
  3 hounds (D:5)
  2 orc priests (D:8)
  2 gnoll shamans
  5 iguanas
  2 jellies
  8 orc wizards
  Natasha (D:4)
  3 mummies (Ossuary)
  24 gnolls
  5 adders
  2 white imps
  2 ufetubi (D:4)
  3 worms (D:3)
  A dart slug (D:3)
  16 orcs
  3 bats
  6 endoplasms
  A giant cockroach (D:4)
  A gnoll zombie (Ossuary)
  2 goblins
  4 hobgoblins
  6 jackals
  10 kobolds
  2 ball pythons
  3 frilled lizards (D:3)
  A hobgoblin zombie (Ossuary)
  2 kobold zombies (Ossuary)
  2 orc zombies (Ossuary)
  A rat (D:2)
186 creatures vanquished.

Vanquished Creatures (others)
  A plant (D:7)
1 creature vanquished.

Grand Total: 187 creatures vanquished

Table legend:
 A = Non-vault XP
 B = Vault XP
 C = Vault XP percentage of total XP
 D = Non-vault monster count
 E = Vault monster count
 F = Vault count percentage of total count
                 A         B        C        D         E       F
            +---------+---------+-------+---------+---------+-------
      Total |   10968 |     487 |   4.3 |     178 |      19 |   9.6
            +---------+---------+-------+---------+---------+-------
        D:1 |       7 |       6 |  46.2 |       4 |       3 |  42.9
        D:2 |      52 |       4 |   7.1 |       9 |       2 |  18.2
        D:3 |      49 |       0 |   0.0 |      15 |       0 |   0.0
        D:4 |     452 |     205 |  31.2 |      27 |       2 |   6.9
        D:5 |    1455 |       0 |   0.0 |      28 |       0 |   0.0
        D:6 |     842 |       0 |   0.0 |      13 |       0 |   0.0
        D:7 |    3113 |       0 |   0.0 |      26 |       0 |   0.0
        D:8 |    2432 |       0 |   0.0 |      32 |       0 |   0.0
        D:9 |    1619 |       0 |   0.0 |      22 |       0 |   0.0
       D:10 |     947 |     119 |  11.2 |       2 |       1 |  33.3
    Ossuary |       0 |     153 | 100.0 |       0 |      11 | 100.0
            +---------+---------+-------+---------+---------+-------

Illustrated notes

Table legend:
 A = Kills in this place as a percentage of kills in entire the game.
 B = Kills by you in this place as a percentage of kills by you in the entire game.
 C = Kills by friends in this place as a percentage of kills by friends in the entire game.
 D = Other kills in this place as a percentage of other kills in the entire game.
 E = Experience gained in this place as a percentage of experience gained in the entire game.
 F = Experience gained in this place divided by the number of levels of this place that you have seen.
                   A       B       C       D       E      F
               +-------+-------+-------+-------+-------+----------------------
         Total | 100.0 | 100.0 |   N/A | 100.0 | 100.0 | 954.6
       Dungeon |  94.4 |  94.1 |   N/A | 100.0 |  98.7 | 1130.2
       Ossuary |   5.6 |   5.9 |   N/A |   0.0 |   1.3 | 153.0
               +-------+-------+-------+-------+-------+----------------------

Table legend: (Time is in decaauts)
 A = Elapsed time spent in this place.
 B = Non-inter-level travel time spent in this place.
 C = Inter-level travel time spent in this place.
 D = Time resting spent in this place.
 E = Time spent auto-exploring this place.
 F = Levels seen in this place.
 G = Mean time per level.
                   A        B        C        D        E       F      G
               +--------+--------+--------+--------+--------+-----+--------+
         Total |   8830 |   8596 |    234 |    660 |   5846 |  12 |  735.8 |
       Dungeon |   8575 |   8341 |    234 |    660 |   5748 |  10 |  857.5 |
         Abyss |     15 |     15 |      0 |      0 |      4 |   1 |   15.0 |
       Ossuary |    240 |    240 |      0 |      0 |     94 |   1 |  240.0 |
               +--------+--------+--------+--------+--------+-----+--------+

Top non-repeatable levels by time:
     D:8: 1477 daAuts
     D:4: 1124 daAuts
     D:9: 1038 daAuts
     D:5: 1003 daAuts
     D:7: 921 daAuts
     D:2: 702 daAuts
     D:3: 673 daAuts
     D:6: 662 daAuts
     D:1: 611 daAuts
    D:10: 359 daAuts
 Ossuary: 240 daAuts
 Abyss:1: 15 daAuts
